 Dungeon Crawl Stone Soup version 0.25.1-2-g60ff931df9 (webtiles) character file.

Game seed: 16334467877281016979

1075 Descartes the Blocker (level 8, -9/58 HPs)
             Began as a Formicid Fighter on Aug 2, 2020.
             Was an Initiate of Qazlal.
             Mangled by a centaur
             ... wielding a +2 war axe of distortion
              (23 damage)
             ... on level 5 of the Dungeon on Aug 4, 2020.
             The game lasted 00:15:39 (6863 turns).

Descartes the Blocker (Formicid Fighter)            Turns: 6863, Time: 00:15:40

Health: -9/58      AC: 11    Str: 22    XL:     8   Next: 54%
Magic:  15/15      EV:  9    Int:  9    God:    Qazlal [......]
Gold:   224        SH: 12    Dex: 10    Spells: 17/17 levels left

rFire    . . .     SeeInvis +   a - +0 dagger (protect)
rCold    . . .     Gourm    .   c - +0 kite shield
rNeg     . . .     Faith    .   G - +0 scale mail
rPois    .         Spirit   .   (helmet unavailable)
rElec    .         Reflect  .   C - +0 cloak
rCorr    .         Harm     .   A - +2 pair of gloves
MR       .....                  (no boots)
Stlth    ..........             (no amulet)
HPRegen  0.19/turn              (no ring)
MPRegen  0.14/turn              (no ring)

@: no status effects
A: permanent stasis, dig shafts and tunnels, four strong arms, antennae 3
a: Dig, Shaft Self, Renounce Religion


You were on level 5 of the Dungeon.
You worshipped Qazlal.
Qazlal was noncommittal.
You were hungry.

You visited 2 branches of the dungeon, and saw 6 of its levels.

You collected 224 gold pieces.

Inventory:

Hand Weapons
 a - a +0 dagger of protection (weapon)
 b - a +2 shortbow of flaming
 o - a +0 long sword
 y - a +0 rapier
Missiles
 e - 128 stones
 g - 126 arrows
 l - 3 poisoned darts (quivered)
 q - 47 sling bullets
 z - 8 boomerangs
 E - 20 bolts
Armour
 c - a +0 kite shield (worn)
 A - a +2 pair of gloves (worn)
 C - a +0 cloak (worn)
 G - a +0 scale mail (worn)
Scrolls
 i - 2 scrolls of enchant weapon {unknown}
 j - 2 scrolls of immolation {unknown}
 m - 3 scrolls of remove curse {unknown}
 n - 2 scrolls of enchant armour {unknown}
 w - a scroll of noise {unknown}
 x - a scroll of teleportation {unknown}
 H - 3 scrolls of random uselessness {unknown}
Potions
 d - 2 potions of might
 h - a potion of magic
 p - a potion of lignification
 r - 3 potions of flight
 t - 3 potions of brilliance
 u - a potion of heal wounds
 B - 2 potions of stabbing
 D - a potion of cancellation
Comestibles
 f - 11 rations


   Skills:
 - Level 3.2 Fighting
 - Level 1.4(2.0) Short Blades
 - Level 2.0(2.2) Long Blades
 - Level 3.2 Armour
 + Level 9.9 Shields
 - Level 5.0 Spellcasting


You had 17 spell levels left.
You didn't know any spells.
Your spell library was empty.

Dungeon Overview and Level Annotations

Branches:
Dungeon (5/15)             Temple (1/1) D:5

Altars:
Ashenzari
Cheibriados
Elyvilon
Fedhas
Gozag
Kikubaaqudgha
Makhleb
Nemelex Xobeh
Okawaru
Qazlal
Ru
Sif Muna
Trog
Vehumet
Wu Jian
Xom
Yredelemnul
Zin
The Shining One


Innate Abilities, Weirdness & Mutations

You cannot be hasted, slowed, berserked, paralysed or teleported.
You can dig through walls and to a lower floor.
Your four strong arms can wield two-handed weapons with a shield.
You have a pair of large antennae on your head. (SInv)


Message History

You block the centaur's attack.
The centaur looks more healthy.
The centaur shouts!
You block the centaur's attack.
The centaur shouts!
The centaur closely misses you.
You are feeling hungry.
The centaur hits you with a +2 war axe of distortion!
Space bends around you. You block the centaur's attack.
You block the centaur's attack.
All of the chunks of flesh in your inventory have rotted away.
You block the centaur's attack.
The centaur shouts!
The centaur closely misses you.
The centaur shouts!
The centaur hits you with a +2 war axe of distortion!
* * * LOW HITPOINT WARNING * * *
The centaur hits you with a +2 war axe of distortion!!
You die...

##...>.# #.#.#.##
##...#..# ###≈≈≈≈≈≈##
.........#####.'......_#
###........!...#≈≈≈≈≈≈##
####...##÷#####.#.#.#
##.####.# ####### #.#
### #.# ##@## ##..c## #
##.....## ####.#
#.......## #....# .
#.........###.#######.
.'................#..(.
###.........####...#.(#
##.......## ##..#..#
##.....## ##....#


You could see a neutral centaur (fast, strong, insane).

Vanquished Creatures
  Duvessa (D:5)
  A sky beast (D:4)
  An ogre (D:4)
  A centaur (D:5)
  Dowan (D:5)
  A scorpion (D:4)
  A jelly (D:5)
  2 hounds
  2 orc priests (D:3)
  An orc wizard (D:4)
  2 centaur skeletons (D:4)
  An iguana (D:5)
  Jessica (D:2)
  5 worker ants
  A hound skeleton (D:4)
  6 gnolls
  3 adders
  An adder skeleton (D:4)
  2 worms
  A dart slug (D:3)
  6 leopard geckos
  7 orcs
  3 ball pythons
  9 bats
  6 giant cockroaches
  7 goblins
  12 hobgoblins
  4 jackals
  2 quokkas
  6 frilled lizards
  A jackal skeleton (D:4)
  8 kobolds
  3 rats
109 creatures vanquished.

Notes
Turn   | Place    | Note
-------+----------+-------------------------------------------
     0 | D:1      | Descartes the Formicid Fighter began the quest for the Orb.
     0 | D:1      | Reached XP level 1. HP: 18/18 MP: 1/1
   272 | D:1      | Reached XP level 2. HP: 24/24 MP: 3/3
   333 | D:1      | Reached skill level 4 in Shields
   333 | D:1      | Reached skill level 1 in Spellcasting
   793 | D:1      | Reached XP level 3. HP: 29/29 MP: 5/5
  1441 | D:2      | Reached XP level 4. HP: 34/35 MP: 7/7
  1495 | D:2      | Found a blossoming altar of Fedhas.
  1653 | D:2      | Found a sacrificial altar of Ru.
  1867 | D:2      | Found a bloodstained altar of Trog.
  1877 | D:2      | Noticed Jessica
  1890 | D:2      | Killed Jessica
  1890 | D:2      | Reached skill level 5 in Shields
  2298 | D:3      | Reached XP level 5. HP: 21/41 MP: 9/9
  2313 | D:3      | HP: 2/41 [orc priest/+0 hand axe (5)]
  2318 | D:3      | HP: 1/41 [orc priest/+0 hand axe (2)]
  3198 | D:3      | Reached XP level 6. HP: 35/47 MP: 11/11
  3653 | D:3      | Reached skill level 6 in Shields
  3901 | D:4      | Reached skill level 1 in Short Blades
  4181 | D:4      | Noticed an ogre
  4203 | D:4      | Killed an ogre
  4203 | D:4      | Reached XP level 7. HP: 16/52 MP: 13/13
  4714 | D:4      | Reached skill level 7 in Shields
  4892 | D:4      | Reached skill level 5 in Spellcasting
  5097 | D:4      | Reached skill level 8 in Shields
  5174 | D:4      | Found a glowing golden altar of the Shining One.
  5213 | D:4      | Found a shimmering altar of Xom.
  5497 | D:4      | Found a shimmering blue altar of Sif Muna.
  5645 | D:5      | Entered Level 5 of the Dungeon
  5691 | D:5      | Noticed Duvessa
  5692 | D:5      | Noticed Dowan
  5747 | D:5      | Killed Duvessa
  5747 | D:5      | Reached XP level 8. HP: 43/58 MP: 15/15
  5777 | D:5      | Killed Dowan
  5777 | D:5      | Reached skill level 9 in Shields
  6028 | D:5      | Found a staircase to the Ecumenical Temple.
  6037 | Temple   | Entered the Ecumenical Temple
  6047 | Temple   | Became a worshipper of Qazlal Stormbringer
  6536 | D:5      | Found a white marble altar of Elyvilon.
  6588 | D:5      | Found an iron altar of Okawaru.
  6863 | D:5      | Mangled by a centaur

Illustrated notes

Levels and vault maps discovered:
D:1:      scummos_arrival_hexagon, layout_loops_ring
D:2:      layout_basic, hangedman_ru_absence, lemuel_doored_altar,
          fedhas_altar_4, uniq_jessica
D:3:      layout_basic, minmay_ruptured
D:4:      layout_loops_ring, overflow_temple_1_default,
          nicolae_overflow_hidden_temple
D:5:      layout_loops_corners, elyvilon_altar_5, okawaru_altar_gauntlet_db,
          riverfiend_overflow_shadow_ancestor, minmay_temple_entry_water_ring,
          first_ration, uniq_duvessa
Temple:   minmay_freezing_vapour_temple

Skill      XL: |  1  2  3  4  5  6  7  8 |
---------------+-------------------------+-----
Shields        | 4 5 6 8 9 |  9.9
Spellcasting   | 1 2 3 4 5 |  5.0
Short Blades   | 1 |  1.4
Fighting       | |  3.2
Long Blades    | |  2.0
Armour         | |  3.2

Action                   |  1- 3 |  4- 6 |  7- 9 || total
-------------------------+-------+-------+-------++-------
Melee: Long sword        |    59 |       |       ||    59
       Dagger            |   128 |   421 |   492 ||  1041
Throw: Dart              |       |       |     4 ||     4
       Stone             |       |       |     1 ||     1
 Abil: Dig               |       |     3 |     2 ||     5
  Use: Scroll            |       |       |     8 ||     8
  Eat: Chunk             |     2 |     9 |     7 ||    18
       Ration            |       |       |     1 ||     1
Armor: Scale mail        |    99 |   134 |   160 ||   393
Dodge: Dodged            |    97 |   110 |   124 ||   331
Block: Kite shield       |   139 |   188 |   232 ||   559
       Rpst.: Long sword |     9 |       |       ||     9
